 Dungeon Sprint DCSS version 0.29-a0-495-g17b79114eb (webtiles) character file.

Game seed: 3408508065997845927

8600000 greenreed the Intangible (level 27, -49/206 (228) HPs)
             Began as a Djinni Monk on May 27, 2022.
             Was the Champion of Makhleb.
             Killed from afar by a wretched soul (68 damage)
             ... with a bolt of negative energy
             ... in the Dungeon (Sprint VIII: "Arena of Blood").
             The game lasted 00:06:17 (86 turns).

greenreed the Intangible (Djinni Monk)                Turns: 86, Time: 00:06:21

HP:   -49/206 (228) AC:  4    Str: 10    XL:     27
Gold: 0             EV: 42    Int: 15    God:    Makhleb [******] SH:  0 Dex: 29

rFire   + + .      SeeInvis .   i - +∞ Axe of Woe
rCold   x . .      Faith    .   (shield currently unavailable)
rNeg    . . .      Spirit   .   b - +0 robe
rPois   ∞          Reflect  .   (no helmet)
rElec   .          Harm     .   (no cloak)
rCorr   .          Rampage  .   (no gloves)
Will    ++...      NoTele   +   (boots unavailable)
Stlth   ++++++++++              (no amulet)
HPRegen 0.44/turn               (no ring)
MPRegen 0.00/turn               (no ring)

@: flying, very slightly contaminated, drained
A: sickness immunity, fire resistance 2, cold vulnerability 1, float, innate
caster, HP casting, extra vitality 1, agile 1
a: Renounce Religion, Minor Destruction, Lesser Servant of Makhleb, Major
Destruction, Greater Servant of Makhleb


You were in the Dungeon.
You worshipped Makhleb.
Makhleb was exalted by your worship.
You visited 1 branch

Inventory:

Hand Weapons
 a - a +0 hand axe
 i - the +∞ Axe of Woe (weapon)
   (You found it in the Dungeon)
Armour
 b - a +0 robe (worn)
Scrolls
 h - a scroll of blinking
Potions
 c - a potion of ambrosia
 d - a potion of curing
 e - a potion of heal wounds
 f - a potion of haste
 g - a potion of berserk rage


   Skills:
 O Level 27 Fighting
 O Level 27 Short Blades
 O Level 27 Long Blades
 O Level 27 Axes
 O Level 27 Maces & Flails
 O Level 27 Polearms
 O Level 27 Staves
 O Level 27 Slings
 O Level 27 Bows
 O Level 27 Crossbows
 O Level 27 Throwing
 O Level 27 Armour
 O Level 27 Dodging
 O Level 27 Stealth
 O Level 27 Shields
 O Level 27 Unarmed Combat
 O Level 27 Spellcasting
 O Level 27 Invocations
 O Level 27 Evocations


You had 11 spell levels left.
You knew the following spells:

 Your Spells              Type           Power      Damage    Failure   Level
a - Shock                 Conj/Air       100%       1d9       0%          1
b - Passwall              Tmut/Erth      65%        N/A       0%          2
c - Call Canine Familiar  Summ           79%        N/A       0%          3
d - Tukima's Dance        Hex            79%        N/A       0%          3
e - Summon Ice Beast      Ice/Summ       79%        N/A       0%          4
f - Irradiate             Conj/Tmut      39%        3d26      0%          5
g - Eringya's Noxious Bo  Tmut/Pois      39%        N/A       0%          6
h - Dragon Form           Tmut           39%        N/A       1%          7
i - Death Channel         Necr           39%        N/A       0%          6
j - Storm Form            Tmut/Air       39%        N/A       1%          7
k - Maxwell's Capacitive  Air            39%        ∞         1%          8
l - Necromutation         Tmut/Necr      39%        N/A       1%          8
m - Polar Vortex          Ice            39%        N/A       2%          9
Your spell library was empty.

Dungeon Overview and Level Annotations

Branches:
Dungeon (1/1)

Altars:
Makhleb


Innate Abilities, Weirdness & Mutations

You are immune to sickness and miasma.
You are immune to poison.
Your flesh is very heat resistant. (rF++)
You are vulnerable to cold. (rC-)
You float through the air rather than walking.
You learn spells naturally, not from books.
Your magical power is your life essence.
You have superior vitality. (+4 MHP)
You are agile. (Dex +2)


Message History

The meat beast misses you.
You hear a shout! x2
Unknown command.
You cut the meat beast into ribbons!!!
You butcher the meat beast messily.
You kill the meat beast!
Makhleb accepts your kill.
You feel better.
You slice the meat beast!!
You dissect the meat beast like a pig carcass.
You kill the meat beast!
Makhleb accepts your kill.
You feel better.
You hit the accursed.
You butcher the accursed messily.
You destroy the accursed!
Makhleb accepts your kill.
You feel better.
You feel extremely nervous for a moment...
Your body is wracked with pain!
You are engulfed in blazing flames.
You resist.
* * * LOW HITPOINT WARNING * * *
A meat beast comes into view.
You hear a shout! x3
The eight-headed meat hydra calls on the powers of darkness!
The eight-headed meat hydra convulses!
The bag of meat convulses! x2
The meat berserker convulses!
Your body is wracked with pain!
* * * LOW HITPOINT WARNING * * *
The eight-headed meat hydra convulses!
The tyrant is engulfed in blazing flames.
The destroyer is engulfed in blazing flames.
The destroyer gestures at you while chanting.
The destroyer blinks!
You hear a shout!
The large abomination is engulfed in blazing flames.
The meat beast croaks, "Relinquish hope, thou vain fool-headed pumpion!"
The dread calls on the powers of darkness!
The bag of meat convulses!
The eight-headed meat hydra convulses!
The bag of meat convulses!
The meat berserker convulses!
The eight-headed meat hydra convulses!
Your body is wracked with pain!
* * * LOW HITPOINT WARNING * * *
A bolt of negative energy appears from out of thin air!
Deactivating autopickup; reactivate with Ctrl-A.
The bolt of negative energy hits you!!!
You feel drained.
You die...

.###....)))###L.Vo.
#....)))#.....V..
.#....)2)#.D......
.......O.....{....
.........§o..#...#
......DXoWX§#.W..#
.......§☼§##O....#
#.....)LX#M)....#
......§@§#)..###..
#.#....)){).......
................o.
...#.....####.....
.....V.... .....
........... ..##
.....=..... ###
############


You could see a tentacled monstrosity (summoned), a meat beast (fast), a tyrant,
2 eight-headed meat hydras, a destroyer, 2 large abominations, a dread, a meat
berserker (berserk) and 2 bags of meat.

Vanquished Creatures
  3 hell beasts (D)
  4 royal mummies (D)
  Harold (D)
  10 vampire knights (D)
  30 ogres (D)
  6 two-headed ogres (D)
  3 liches (D)
  3 hydras (D)
  50 orcs (D)
  7 skeletal warriors (D)
117 creatures vanquished.

Notes
Turn   | Place    | Note
-------+----------+-------------------------------------------
     0 | D        | Found the +∞ Axe of Woe
     0 | D        | greenreed the Djinni Monk began the quest for the Orb.
     0 | D        | Reached XP level 1. HP: 20/20 MP: 0/0
     4 | D        | Became a worshipper of Makhleb the Destroyer
     4 | D        | Reached * piety under Makhleb
     4 | D        | Reached ** piety under Makhleb
     4 | D        | Noticed a bag of meat
     5 | D        | Noticed a bag of meat
     7 | D        | Noticed a bag of meat
     7 | D        | Noticed a meat berserker
     8 | D        | Killed a bag of meat
     8 | D        | Noticed a bag of meat
     8 | D        | Noticed a bag of meat
     8 | D        | Noticed a bag of meat
     9 | D        | Reached skill level 15 in Fighting
     9 | D        | Reached skill level 15 in Dodging
     9 | D        | Reached skill level 5 in Stealth
     9 | D        | Reached XP level 2. HP: 43/43 MP: 0/0
     9 | D        | Reached XP level 3. HP: 49/49 MP: 0/0
     9 | D        | Learned a level 1 spell: Shock
     9 | D        | Reached XP level 4. HP: 55/55 MP: 0/0
     9 | D        | Reached XP level 5. HP: 60/60 MP: 0/0
     9 | D        | Learned a level 2 spell: Passwall
     9 | D        | Reached XP level 6. HP: 67/67 MP: 0/0
     9 | D        | Reached XP level 7. HP: 72/72 MP: 0/0
     9 | D        | Learned a level 3 spell: Call Canine Familiar
     9 | D        | Reached XP level 8. HP: 78/78 MP: 0/0
     9 | D        | Reached XP level 9. HP: 84/84 MP: 0/0
     9 | D        | Learned a level 3 spell: Tukima's Dance
     9 | D        | Reached XP level 10. HP: 90/90 MP: 0/0
     9 | D        | Reached XP level 11. HP: 95/95 MP: 0/0
     9 | D        | Learned a level 4 spell: Summon Ice Beast
     9 | D        | Killed a bag of meat
     9 | D        | Noticed a bag of meat
     9 | D        | Noticed a bag of meat
     9 | D        | Noticed a bag of meat
    10 | D        | Reached XP level 12. HP: 106/106 MP: 0/0
    10 | D        | Noticed a bag of meat
    10 | D        | Noticed a meat berserker
    11 | D        | Noticed a bag of meat
    12 | D        | Noticed a meat berserker
    12 | D        | Killed a bag of meat
    12 | D        | Killed a meat berserker
    12 | D        | Reached *** piety under Makhleb
    12 | D        | Noticed a bag of meat
    13 | D        | Reached XP level 13. HP: 121/121 MP: 0/0
    13 | D        | Learned a level 5 spell: Irradiate
    13 | D        | Reached XP level 14. HP: 128/128 MP: 0/0
    13 | D        | Killed a bag of meat
    14 | D        | Killed a bag of meat
    14 | D        | Noticed a meat berserker
    14 | D        | Noticed a bag of meat
    14 | D        | Noticed a bag of meat
    15 | D        | Killed a bag of meat
    15 | D        | Reached **** piety under Makhleb
    15 | D        | Noticed a bag of meat
    15 | D        | Noticed a bag of meat
    16 | D        | Reached XP level 15. HP: 138/138 MP: 0/0
    16 | D        | Learned a level 6 spell: Eringya's Noxious Bog
    16 | D        | Killed a meat berserker
    16 | D        | Killed a meat berserker
    17 | D        | Reached XP level 16. HP: 150/150 MP: 0/0
    18 | D        | Killed a meat berserker
    18 | D        | Reached ***** piety under Makhleb
    18 | D        | Noticed a large bag of meat
    19 | D        | Reached skill level 27 in Fighting
    19 | D        | Reached skill level 27 in Dodging
    19 | D        | Reached XP level 17. HP: 160/160 MP: 0/0
    19 | D        | Learned a level 7 spell: Dragon Form
    19 | D        | Noticed a meat berserker
    21 | D        | Reached skill level 27 in Axes
    21 | D        | Noticed a meat berserker
    22 | D        | Noticed a meat berserker
    23 | D        | Killed a meat berserker
    23 | D        | Reached ****** piety under Makhleb
    23 | D        | Noticed a meat berserker
    24 | D        | Reached XP level 18. HP: 151/167 MP: 0/0
    24 | D        | Noticed a meat berserker
    24 | D        | Noticed a meat berserker
    24 | D        | Noticed a destroyer
    25 | D        | Reached skill level 27 in Stealth
    25 | D        | Killed a meat berserker
    26 | D        | Reached skill level 5 in Maces & Flails
    26 | D        | Reached skill level 5 in Polearms
    26 | D        | Reached skill level 5 in Slings
    26 | D        | Reached skill level 5 in Bows
    26 | D        | Reached skill level 5 in Crossbows
    26 | D        | Reached skill level 5 in Throwing
    26 | D        | Reached XP level 19. HP: 174/174 MP: 0/0
    26 | D        | Learned a level 6 spell: Death Channel
    26 | D        | Noticed a meat berserker
    26 | D        | Noticed a meat berserker
    28 | D        | Reached skill level 5 in Spellcasting
    28 | D        | Killed a large bag of meat
    28 | D        | Killed a meat berserker
    29 | D        | Reached XP level 20. HP: 160/181 MP: 0/0
    29 | D        | Noticed The Servant
    30 | D        | Killed a meat berserker
    30 | D        | Killed a meat berserker
    31 | D        | Reached skill level 10 in Short Blades
    31 | D        | Reached skill level 10 in Long Blades
    31 | D        | Reached skill level 10 in Staves
    31 | D        | Reached skill level 10 in Shields
    31 | D        | Reached skill level 10 in Unarmed Combat
    31 | D        | Reached skill level 10 in Invocations
    31 | D        | Reached skill level 10 in Evocations
    32 | D        | Killed a meat berserker
    32 | D        | Killed a meat berserker
    32 | D        | Killed a meat berserker
    33 | D        | Reached XP level 21. HP: 126/187 MP: 0/0
    33 | D        | Learned a level 7 spell: Storm Form
    34 | D        | Reached skill level 10 in Spellcasting
    36 | D        | Noticed a destroyer
    38 | D        | Killed The Servant
    38 | D        | Noticed a meat berserker
    39 | D        | Reached skill level 15 in Armour
    39 | D        | Reached XP level 22. HP: 117/194 MP: 0/0
    39 | D        | Noticed a destroyer
    39 | D        | Noticed a destroyer
    41 | D        | Noticed a destroyer
    41 | D        | Killed a destroyer
    42 | D        | Noticed a destroyer
    42 | D        | Noticed a destroyer
    42 | D        | Noticed a meat berserker
    42 | D        | Noticed a destroyer
    42 | D        | Noticed a large bag of meat
    43 | D        | Killed a meat berserker
    43 | D        | Killed a destroyer
    44 | D        | Reached skill level 15 in Short Blades
    44 | D        | Reached skill level 15 in Long Blades
    44 | D        | Reached skill level 15 in Staves
    44 | D        | Reached XP level 23. HP: 144/201 MP: 0/0
    44 | D        | Learned a level 8 spell: Maxwell's Capacitive Coupling
    45 | D        | Noticed a tyrant
    45 | D        | Killed a destroyer
    45 | D        | Killed a destroyer
    45 | D        | Noticed a tyrant
    46 | D        | Reached skill level 15 in Maces & Flails
    46 | D        | Reached skill level 15 in Polearms
    46 | D        | Reached skill level 15 in Slings
    46 | D        | Reached skill level 15 in Bows
    46 | D        | Reached skill level 15 in Crossbows
    46 | D        | Reached skill level 15 in Throwing
    46 | D        | Killed a destroyer
    46 | D        | Noticed a destroyer
    47 | D        | Reached XP level 24. HP: 208/208 MP: 0/0
    49 | D        | Noticed a tyrant
    49 | D        | Killed a destroyer
    50 | D        | Reached skill level 15 in Spellcasting
    50 | D        | Noticed an accursed
    50 | D        | Noticed an accursed
    50 | D        | Killed a tyrant
    51 | D        | Killed a tyrant
    51 | D        | Killed a large bag of meat
    51 | D        | Noticed a large bag of meat
    51 | D        | Noticed a large bag of meat
    52 | D        | Reached XP level 25. HP: 174/214 MP: 0/0
    52 | D        | Learned a level 8 spell: Necromutation
    52 | D        | Killed a destroyer
    52 | D        | Noticed a destroyer
    54 | D        | Killed a destroyer
    55 | D        | Reached XP level 26. HP: 161/221 MP: 0/0
    56 | D        | Reached skill level 27 in Spellcasting
    56 | D        | Killed a tyrant
    56 | D        | Noticed a large bag of meat
    57 | D        | Noticed a large bag of meat
    58 | D        | Reached XP level 27. HP: 169/228 MP: 0/0
    58 | D        | Learned a level 9 spell: Polar Vortex
    58 | D        | Noticed an accursed
    58 | D        | Killed a destroyer
    59 | D        | Noticed a tyrant
    59 | D        | Gained mutation: You are agile. (Dex +2) [mutagenic glow]
    60 | D        | Killed a large bag of meat
    60 | D        | Noticed a destroyer
    60 | D        | Noticed an accursed
    63 | D        | Killed an accursed
    67 | D        | Killed a large bag of meat
    68 | D        | Noticed a meat beast
    72 | D        | Noticed a dread
    73 | D        | Killed an accursed
    73 | D        | Killed a meat beast
    74 | D        | Reached skill level 27 in Armour
    74 | D        | Reached skill level 27 in Shields
    74 | D        | Reached skill level 27 in Unarmed Combat
    74 | D        | Reached skill level 27 in Invocations
    74 | D        | Reached skill level 27 in Evocations
    75 | D        | Reached skill level 27 in Short Blades
    75 | D        | Reached skill level 27 in Long Blades
    76 | D        | Noticed an accursed
    77 | D        | Killed an accursed
    78 | D        | Reached skill level 27 in Staves
    78 | D        | Killed a large bag of meat
    80 | D        | Killed a destroyer
    81 | D        | Reached skill level 27 in Maces & Flails
    81 | D        | Reached skill level 27 in Polearms
    81 | D        | Reached skill level 27 in Slings
    81 | D        | Reached skill level 27 in Bows
    81 | D        | Reached skill level 27 in Crossbows
    81 | D        | Reached skill level 27 in Throwing
    81 | D        | Noticed a meat beast
    83 | D        | Killed a large bag of meat
    83 | D        | Noticed a meat beast
    86 | D        | Killed a meat beast
    86 | D        | Killed a meat beast
    86 | D        | Killed an accursed
    86 | D        | Noticed a meat beast
    86 | D        | Killed from afar by a wretched soul

Illustrated notes

Levels and vault maps discovered:
D:        meatsprint

Skill      XL: |  1  2  3  4  5  6  7  8  9 10 11 12 13 14 15 16 17 18 19 20 21 22 23 24 25 26 27 |
---------------+----------------------------------------------------------------------------------+-----
Fighting       | 15 17 21 23 25 27 | 27.0
Axes           | 13 14 17 20 22 25 27 | 27.0
Dodging        | 15 18 21 24 26 27 | 27.0
Stealth        | 5 7 8 9 11 26 27 | 27.0
Short Blades   | 6 8 12 14 15 17 19 20 22 27 | 27.0
Long Blades    | 6 8 12 14 15 17 19 20 22 27 | 27.0
Maces & Flails | 5 8 11 13 14 16 18 20 27 | 27.0
Polearms       | 5 8 11 13 14 16 18 20 27 | 27.0
Staves         | 6 8 12 14 15 17 19 20 21 27 | 27.0
Slings         | 5 8 11 13 14 16 18 20 27 | 27.0
Bows           | 5 8 11 13 14 16 18 20 27 | 27.0
Crossbows      | 5 8 11 13 14 16 18 20 27 | 27.0
Throwing       | 5 8 11 13 14 16 18 20 27 | 27.0
Armour         | 6 9 13 15 17 19 21 22 23 27 | 27.0
Shields        | 6 9 12 14 16 17 20 22 27 | 27.0
Unarmed Combat | 6 9 12 14 16 17 20 22 27 | 27.0
Spellcasting   | 4 6 9 11 12 13 15 24 27 | 27.0
Invocations    | 6 9 12 14 16 17 20 22 27 | 27.0
Evocations     | 6 9 12 14 16 17 20 22 27 | 27.0

Action                   |  1- 3 |  4- 6 |  7- 9 | 10-12 | 13-15 | 16-18 | 19-21 | 22-24 | 25-27 || total
-------------------------+-------+-------+-------+-------+-------+-------+-------+-------+-------++-------
Melee: Executioner's axe |     1 |       |       |     2 |     4 |     6 |     8 |     9 |    28 ||    58
Dodge: Dodged            |       |       |       |       |       |       |     1 |       |     4 ||     5

Table legend: (Time is in decaauts)
 A = Elapsed time spent in this place.
 B = Non-inter-level travel time spent in this place.
 C = Inter-level travel time spent in this place.
 D = Time resting spent in this place.
 E = Time spent auto-exploring this place.
 F = Levels seen in this place.
 G = Mean time per level.
                   A        B        C        D        E       F      G
               +--------+--------+--------+--------+--------+-----+--------+
         Total |     71 |     71 |      0 |      0 |      0 |   1 |   71.0 |
       Dungeon |     71 |     71 |      0 |      0 |      0 |   1 |   71.0 |
               +--------+--------+--------+--------+--------+-----+--------+

Top non-repeatable levels by time:
       D: 71 daAuts
